 Dungeon Crawl Stone Soup version 0.23.2-40-g277498a001 (webtiles) character file.

Game seed: 4076460423461709090

67681 Curus the Warrior (level 14, -6/136 HPs)
             Began as a Minotaur Berserker on Oct 13, 2019.
             Was the Champion of Trog.
             Mangled by an orc sorcerer
             ... wielding a +1 dagger of electrocution
              (14 damage)
             ... on level 2 of the Orcish Mines.
             The game lasted 01:55:02 (17010 turns).

Curus the Warrior (Minotaur Berserker)             Turns: 17010, Time: 01:55:03

Health: -6/136     AC: 29    Str: 33    XL:     14   Next: 83%
Magic:  18/18      EV:  9    Int:  5    God:    Trog [******]
Gold:   846        SH: 16    Dex: 12    Spells: 13/13 levels left

rFire    + + .     SeeInvis .   Y - +3 morningstar (protect)
rCold    + . .     Gourm    .   G - +2 shield {rF+}
rNeg     + . .     Faith    .   J - +1 plate armour {rPois}
rPois    +         Spirit   .   S - +2 hat
rElec    .         Reflect  .   l - scarf {rC+ rF+}
rCorr    +         Harm     .   (no gloves)
MR       +++..                  h - +1 pair of boots
Stlth    ..........             e - amulet of regeneration
HPRegen  2.12/turn              P - ring of resist corrosion
MPRegen  0.16/turn              U - ring "Baughoc" {+Fly rPois rN+ Str+6 Stlth+}

@: mighty, protection aura, berserk cooldown, regenerating, slowed, lightly
drained, very slow
A: retaliatory headbutt, horns 2, blurry vision 1, deterioration 1, dopey 1,
regeneration 1, wild magic 1
a: Berserk, Trog's Hand, Brothers in Arms, Renounce Religion, Evoke Flight


You were on level 2 of the Orcish Mines.
You worshipped Trog.
Trog was exalted by your worship.
You were hungry.

You visited 3 branches of the dungeon, and saw 18 of its levels.
You also visited: Gauntlet and Volcano.

You collected 1862 gold pieces.
You spent 1016 gold pieces at shops.

Inventory:

Hand Weapons
 Y - a +3 morningstar of protection (weapon)
Armour
 h - a +1 pair of boots (worn)
 l - a scarf of resistance (worn)
 G - a +2 shield of fire resistance (worn)
 J - a +1 plate armour of poison resistance (worn)
 R - a +0 buckler of positive energy
 S - a +2 hat (worn)
 Z - a +2 plate armour of fire resistance
Jewellery
 e - an amulet of regeneration (around neck)
 g - an uncursed ring of wizardry
 m - a +4 ring of dexterity
 t - a +3 ring of intelligence
 x - an uncursed ring of magical power
 z - an uncursed amulet of guardian spirit
 L - an uncursed ring of poison resistance
 P - a ring of resist corrosion (left hand)
 U - the ring "Baughoc" (right hand) {+Fly rPois rN+ Str+6 Stlth+}
   (You found it in a Gauntlet)

   [ring of stealth]

   It affects your strength (+6).
   It protects you from poison.
   It protects you from negative energy.
   It lets you fly.
   It makes you more stealthy.
 V - an uncursed ring of teleportation
 X - the ring "Moiplar" {rElec rF+ MR- Int+2}
   (You found it in a Gauntlet)

   [ring of protection from fire]

   It affects your intelligence (+2).
   It protects you from fire.
   It insulates you from electricity.
   It affects your resistance to hostile enchantments.
Wands
 a - a wand of acid (5)
 k - a wand of paralysis (22)
 s - a wand of iceblast (7)
 u - a wand of digging (10)
 y - a wand of flame (46)
 I - a wand of enslavement (7)
 K - a wand of polymorph (20)
 W - a wand of scattershot (1)
Scrolls
 b - a scroll of enchant weapon
 d - 4 scrolls of magic mapping
 n - 17 scrolls of identify
 o - 9 scrolls of teleportation
 p - a scroll of fear
 q - 5 scrolls of blinking
 v - 5 scrolls of fog
 w - 12 scrolls of remove curse
 T - a scroll of brand weapon
Potions
 f - 2 potions of brilliance
 r - 8 potions of curing
 A - 2 potions of haste
 B - a potion of magic
 C - a potion of cancellation
 H - 2 potions of heal wounds
 M - 4 potions of berserk rage
 O - 3 potions of agility
Comestibles
 c - 39 rations
 F - a chunk of flesh


   Skills:
 - Level 15.7(15.3) Fighting
 + Level 15.5(15.1) Maces & Flails
 - Level 15.5(15.1) Armour
 - Level 2.1(1.9) Dodging
 + Level 12.2(11.9) Shields
 - Level 7.7(7.4) Evocations


You had 13 spell levels left.
You didn't know any spells.
Your spell library was empty.

Dungeon Overview and Level Annotations

Branches:
Dungeon (10/15)            Temple (0/1) D:5            Lair (6/6) D:10
 Shoals (0/4) Lair:2       Spider (0/4) Lair:2        Slime (0/5) Lair:6
    Orc (2/2) D:10            Elf (0/3) Orc:2

Altars:
Fedhas
Gozag
Nemelex Xobeh
Qazlal
Trog
Vehumet
Beogh

Shops:
D:4 [   D:6 :   Orc:1 *   Orc:2 ?%*

Annotations:
Orc:2 3 runed translucent doors, Zeus21348's ghost, journeyman MiBe


Innate Abilities, Weirdness & Mutations

You reflexively headbutt those who attack you in melee.
You have a pair of horns on your head.
Scrolls take you a little longer to read.
Your body sometimes deteriorates upon taking damage.
You are dopey. (Int -2)
Your natural rate of healing is unusually fast.
Your spells are a little harder to cast, but a little more powerful.


Message History

The sun demon disappears in a puff of smoke!
The neqoxec disappears in a puff of smoke!
The smoke demon disappears in a puff of smoke!
The orc sorcerer barely misses you.
The orc sorcerer hits you but does no damage.
You are electrocuted!
* * * LOW HITPOINT WARNING * * *
The orc sorcerer points at you and mumbles some strange words.
The bolt of fire misses you.
You closely miss the orc sorcerer.
The orc sorcerer is moderately wounded.
The orc sorcerer barely misses you.
The orc sorcerer gestures at you while chanting.
The bolt of negative energy hits you! You partially resist.
You feel drained.
* * * LOW HITPOINT WARNING * * *
You thump the orc sorcerer! Your headbutt misses the orc sorcerer.
The orc sorcerer is severely wounded.
The orc sorcerer hits you but does no damage.
You are electrocuted!
You die...

.))).###..###...##
##...###..#### ...).##..###...##
##...###..##. ........###...##
##...###..). #.#....###...##
#...###... ####..###.#)##.
.##.#.###.> ##).###...##.)##
#..##...###. #.)..###.#.##.3##
#4.# #.###..
##....###...##oo###o3# ##...
##...# ##...##@)#).# ##....
##...^## ##.).##.(.# ##..##.
#......# ##.))#.#.#... ##...###
#......######...).....###.....#
##......#..###.#)..#.###......#.
###....#...###.....###.#.......
###.###.#####...###.###......
#...##.#..###.###..#........
#..........#####).#.....#.##


You could see a smoke demon and 2 orc sorcerers.

Vanquished Creatures
  Gastronok (D:10)
  A stone giant (Orc:2)
  A minotaur (Gauntlet)
  A dire elephant (Gauntlet)
  The ghost of DildoBatman the Geomancer, a journeyman FoWz of Kikubaaqudgha (Orc:1)
  Fannar (Lair:1)
  2 fire dragons (Lair:6)
  2 hydras
  A two-headed ogre (Orc:2)
  Erica (D:9)
  A catoblepas (Lair:5)
  4 death yaks (Lair:4)
  4 orc high priests (Orc:2)
  The ghost of ViolentOr the Thaumaturge, a novice GnWz (D:10)
  Nergalle (D:10)
  Sonja (Orc:1)
  2 sixfirhies (Orc:2)
  An infernal demonspawn (Orc:2)
  A swamp dragon (Lair:6)
  An oklob plant (Lair:4)
  4 lindwurms
  8 orc sorcerers (Orc:2)
  5 orc knights
  5 black mambas
  6 elephants
  A molten gargoyle (Volcano)
  2 smoke demons (Orc:2)
  10 spiny frogs
  5 torpor snails (Lair:6)
  7 komodo dragons
  2 rime drakes
  4 efreet
  3 trolls
  An ice devil (Orc:2)
  2 polar bears
  3 tyrant leeches (Lair:6)
  Grinder (D:4)
  6 hornets (Lair:6)
  9 blink frogs
  4 hippogriffs
  2 redbacks (Lair:2)
  A ynoxinul (Orc:2)
  2 wyverns
  35 yaks
  3 hogs (D:9)
  A human (D:9)
  A hungry ghost (D:8)
  3 basilisks (Lair:6)
  4 steam dragons
  6 fire elementals
  2 wargs (Orc:1)
  3 acid dragons (Lair:6)
  12 porcupines
  A hell hound (Gauntlet)
  Duvessa (D:5)
  11 water moccasins
  5 sky beasts
  3 black bears
  28 orc warriors
  3 ice beasts
  6 centaurs
  4 boggarts (Lair:5)
  10 ogres
  7 wolves
  14 crocodiles
  5 earth elementals (Volcano)
  11 bullfrogs
  2 scorpions
  Dowan (D:5)
  19 killer bees
  9 wights
  2 howler monkeys (D:7)
  3 crimson imps
  3 bullfrog zombies (D:4)
  8 hounds
  4 jellies
  2 centaur skeletons
  20 orc priests
  11 orc wizards
  5 iguanas
  Natasha (thrice) (D:4)
  11 worker ants
  5 hound zombies
  A howler monkey zombie (D:8)
  2 worker ant zombies
  6 gnolls
  8 adders
  A shadow imp (D:7)
  2 oozes (D:3)
  2 adder zombies
  3 adder skeletons
  2 worms
  5 dart slugs
  3 leopard geckos
  90 orcs
  3 giant cockroaches
  11 goblins
  5 hobgoblins
  20 jackals
  4 quokkas
  A ball python (D:3)
  6 bats
  4 frilled lizards
  3 giant cockroach zombies
  A jackal zombie (D:7)
  4 kobolds
  2 leopard gecko skeletons
  A leopard gecko zombie (D:5)
  A quokka skeleton (D:10)
  A quokka zombie (D:6)
  5 rats
  3 fire vortices (Volcano)
  A plant (Lair:6)
610 creatures vanquished.

Vanquished Creatures (collateral kills)
  A queen bee (Lair:2)
  An orc warrior (D:10)
  9 killer bees (Lair:2)
  2 orcs (D:10)
13 creatures vanquished.

Vanquished Creatures (others)
  A torpor snail (Lair:6)
  2 yaks (Lair:6)
  An orc wizard (Orc:2)
  An orc priest (Orc:2)
  An iguana (Lair:6)
  An adder (D:10)
  4 orcs (Orc:2)
  7 fungi
  8 plants
26 creatures vanquished.

Grand Total: 649 creatures vanquished

Notes
Turn   | Place    | Note
-------+----------+-------------------------------------------
     0 | D:1      | Curus the Minotaur Berserker began the quest for the Orb.
     0 | D:1      | Reached XP level 1. HP: 19/19 MP: 0/0
   121 | D:1      | Reached XP level 2. HP: 15/26 MP: 1/1
   691 | D:2      | Reached skill level 5 in Maces & Flails
   691 | D:2      | Reached XP level 3. HP: 22/31 MP: 2/2
   731 | D:2      | Reached ** piety under Trog
  1069 | D:2      | Reached XP level 4. HP: 39/39 MP: 3/3
  2134 | D:2      | Found a faded altar of an unknown god.
  2404 | D:3      | Reached XP level 5. HP: 39/45 MP: 4/4
  2558 | D:3      | Reached *** piety under Trog
  2733 | D:3      | Found a sparkling altar of Nemelex Xobeh.
  2967 | D:4      | Noticed Natasha
  2974 | D:4      | Killed Natasha
  2974 | D:4      | Reached XP level 6. HP: 50/51 MP: 5/5
  3035 | D:4      | Noticed Grinder
  3041 | D:4      | Killed Grinder
  3044 | D:4      | Reached XP level 7. HP: 53/57 MP: 6/6
  3069 | D:4      | Found a blossoming altar of Fedhas.
  3074 | D:4      | Found Yrozoe's Antique Armour Shop.
  3112 | D:4      | Reached skill level 10 in Maces & Flails
  3124 | D:4      | Noticed Natasha
  3129 | D:4      | Killed Natasha
  3201 | D:4      | Noticed Natasha
  3210 | D:4      | Killed Natasha
  3275 | D:4      | Reached XP level 8. HP: 60/64 MP: 7/7
  3316 | D:4      | Reached **** piety under Trog
  3535 | D:5      | Entered Level 5 of the Dungeon
  3536 | D:5      | Found a staircase to the Ecumenical Temple.
  3536 | D:5      | Noticed Dowan
  3538 | D:5      | Noticed Duvessa
  3548 | D:5      | Killed Dowan
  3552 | D:5      | Killed Duvessa
  4366 | D:5      | Found a stormy altar of Qazlal.
  4514 | D:6      | Found Yzo Kyrgh's Book Boutique.
  4577 | D:6      | Reached XP level 9. HP: 43/70 MP: 8/8
  5304 | D:7      | You fall through a shaft!
  5304 | D:8      | Found a radiant altar of Vehumet.
  5321 | D:8      | Reached skill level 5 in Fighting
  5376 | D:8      | Reached skill level 5 in Armour
  5406 | D:8      | Reached ***** piety under Trog
  5619 | D:8      | Found an opulent altar of Gozag.
  5778 | D:8      | Noticed a troll
  5786 | D:8      | Killed a troll
  6157 | D:9      | Reached XP level 10. HP: 88/88 MP: 9/9
  6216 | D:9      | Received a gift from Trog
  6336 | D:4      | Bought a shiny shield for 225 gold pieces
  7172 | D:9      | Noticed Erica
  7191 | D:9      | Killed Erica
  7191 | D:9      | Reached skill level 10 in Fighting
  7302 | D:10     | Entered Level 10 of the Dungeon
  7316 | D:10     | Reached skill level 10 in Armour
  7380 | D:10     | Found a runed translucent gate.
  7382 | D:10     | Found a runed translucent gate.
  7382 | D:10     | Found a runed translucent gate.
  7384 | D:10     | Noticed Nergalle
  7392 | D:10     | Killed Nergalle
  7523 | D:10     | Noticed Gastronok
  7537 | D:10     | Killed Gastronok
  7537 | D:10     | Reached XP level 11. HP: 102/102 MP: 7/10
  7602 | D:10     | Found a roughly hewn altar of Beogh.
  7602 | D:10     | Found a staircase to the Orcish Mines.
  7602 | D:10     | Noticed an orc knight
  7608 | D:10     | Killed an orc knight
  8091 | D:10     | Found a staircase to the Lair.
  8119 | Lair:1   | Entered Level 1 of the Lair of Beasts
  8196 | Lair:1   | Reached skill level 1 in Shields
  8202 | Lair:1   | Reached skill level 1 in Evocations
  8412 | Lair:1   | Reached skill level 5 in Shields
  8416 | Lair:1   | Noticed Fannar
  8436 | Lair:1   | Killed Fannar
  8944 | Lair:2   | Reached XP level 12. HP: 112/112 MP: 14/14
  8992 | Lair:2   | Reached skill level 5 in Evocations
  9055 | Lair:2   | Found a hole to the Spider Nest.
  9178 | Lair:2   | Found a staircase to the Shoals.
  9589 | Lair:2   | Noticed an eight-headed hydra
  9597 | Lair:2   | Killed an eight-headed hydra
  9624 | Lair:2   | Received a gift from Trog
 10310 | Lair:3   | Identified a scroll of acquirement
 10489 | Lair:3   | Received a gift from Trog
 11087 | Lair:4   | Found a gate leading to a gauntlet.
 11107 | Gauntlet | Entered a Gauntlet
 11107 | Gauntlet | Found a transporter.
 11116 | Gauntlet | Found a transporter.
 11136 | Gauntlet | Found a transporter.
 11138 | Gauntlet | Found a large runed translucent door.
 11139 | Gauntlet | Found a large runed translucent door.
 11140 | Gauntlet | Found a large runed translucent door.
 11140 | Gauntlet | Found a large runed translucent door.
 11140 | Gauntlet | Found a runed translucent door.
 11141 | Gauntlet | Found a large runed translucent door.
 11142 | Gauntlet | Found a large runed translucent door.
 11143 | Gauntlet | Found a large runed translucent door.
 11143 | Gauntlet | Found a large runed translucent door.
 11144 | Gauntlet | Found a runed translucent gate.
 11152 | Gauntlet | Found a transporter.
 11152 | Gauntlet | Found a runed translucent gate.
 11153 | Gauntlet | Found a runed translucent gate.
 11153 | Gauntlet | Found a runed translucent door.
 11155 | Gauntlet | Found a large runed translucent door.
 11155 | Gauntlet | Found a large runed translucent door.
 11156 | Gauntlet | Found a large runed translucent door.
 11157 | Gauntlet | Found a large runed translucent door.
 11163 | Gauntlet | Noticed a catoblepas
 11166 | Gauntlet | Found a transporter.
 11177 | Gauntlet | Noticed a dire elephant
 11179 | Gauntlet | Found a transporter.
 11196 | Gauntlet | Found a transporter.
 11200 | Gauntlet | Found a transporter.
 11208 | Gauntlet | Found a transporter.
 11233 | Gauntlet | Found a transporter.
 11233 | Gauntlet | Found a transporter.
 11233 | Gauntlet | Noticed a hell hog
 11256 | Gauntlet | Found a transporter.
 11262 | Gauntlet | Found a large runed translucent door.
 11263 | Gauntlet | Found a large runed translucent door.
 11264 | Gauntlet | Found a large runed translucent door.
 11264 | Gauntlet | Found a large runed translucent door.
 11308 | Gauntlet | Reached skill level 10 in Shields
 11353 | Gauntlet | Killed a dire elephant
 11689 | Gauntlet | Got a steaming lapis lazuli ring
 11691 | Gauntlet | Identified the ring "Baughoc" {+Fly rPois rN+ Str+6 Stlth+}
                  | (You found it in a Gauntlet)
 11695 | Gauntlet | Identified the cursed +1 demon trident of Action {venom,
                  | *Drain rC+ Int+3 Dex+2}
 11695 | Gauntlet | Noticed a minotaur
 11709 | Gauntlet | Killed a minotaur
 11720 | Gauntlet | Got a clouded turquoise ring
 11722 | Gauntlet | Identified the ring "Moiplar" {rElec rF+ MR- Int+2} (You
                  | found it in a Gauntlet)
 11968 | Lair:4   | Noticed a death yak
 11968 | Lair:4   | Noticed a death yak
 11968 | Lair:4   | Noticed a death yak
 11968 | Lair:4   | Noticed a death yak
 11985 | Lair:4   | Killed a death yak
 11985 | Lair:4   | Reached XP level 13. HP: 103/119 MP: 9/17
 12362 | Lair:4   | Found a bloodstained altar of Trog.
 12384 | Lair:4   | Gained mutation: Your spells are a little harder to cast,
                  | but a little more powerful. [potion of mutation]
 12384 | Lair:4   | Gained mutation: Your body sometimes deteriorates upon
                  | taking damage. [potion of mutation]
 12384 | Lair:4   | Gained mutation: You are dopey. (Int -2) [potion of
                  | mutation]
 12384 | Lair:4   | Gained mutation: Your natural rate of healing is unusually
                  | fast. [potion of mutation]
 12708 | Lair:5   | Found the +10 large shield of Ignorance {rN+ Int-4}
 12920 | Lair:5   | Found a dark tunnel.
 13018 | Volcano  | Entered a volcano
 14160 | Lair:6   | Entered Level 6 of the Lair of Beasts
 14316 | Lair:6   | Found a runed translucent door.
 14317 | Lair:6   | Noticed a fire dragon
 14475 | Lair:6   | Paralysed by a hornet for 1 turns
 14490 | Lair:6   | Reached skill level 15 in Fighting
 14547 | Lair:6   | Reached ****** piety under Trog
 14627 | Lair:6   | Reached XP level 14. HP: 135/135 MP: 18/18
 14636 | Lair:6   | Received a gift from Trog
 14649 | Lair:6   | Got a shimmering dire flail {god gift}
 14661 | Lair:6   | Reached skill level 15 in Armour
 15110 | Lair:6   | Found a staircase to the Slime Pits.
 15796 | D:10     | Noticed ViolentOr's ghost (novice GnWz)
 15802 | D:10     | Found a roughly hewn altar of Beogh.
 15803 | D:10     | Identified the +2 rapier "Dragon's Peril" {vamp, +Inv rElec
                  | Str+9 Int-3}
 15830 | D:10     | Killed ViolentOr's ghost
 15911 | Orc:1    | Entered Level 1 of the Orcish Mines
 15911 | Orc:1    | Found Faedienn's Assorted Antiques.
 15938 | Orc:1    | Bought a potion of heal wounds for 135 gold pieces
 15938 | Orc:1    | Bought a runed morningstar for 189 gold pieces
 16120 | Orc:1    | Found a runed translucent gate.
 16121 | Orc:1    | Found a runed translucent gate.
 16123 | Orc:1    | Found a runed translucent gate.
 16123 | Orc:1    | Noticed DildoBatman's ghost (journeyman FoWz)
 16134 | Orc:1    | Killed DildoBatman's ghost
 16287 | Orc:1    | Identified the +7 dire flail of Wiolyrovuad {venom, +Rage
                  | Int+2 Dex+4} (Trog gifted it to you on level 6 of the Lair
                  | of Beasts)
 16289 | Orc:2    | Entered Level 2 of the Orcish Mines
 16289 | Orc:2    | Noticed a stone giant
 16303 | Orc:2    | Killed a stone giant
 16434 | Orc:1    | Noticed Sonja
 16451 | Orc:1    | Killed Sonja
 16584 | Orc:2    | Found a runed translucent gate.
 16585 | Orc:2    | Found a runed translucent gate.
 16586 | Orc:2    | Found a runed translucent gate.
 16587 | Orc:2    | Found an opulent altar of Gozag.
 16588 | Orc:2    | Found Guttis's Assorted Antiques.
 16588 | Orc:2    | Noticed Zeus21348's ghost (journeyman MiBe)
 16596 | Orc:2    | Received a gift from Trog
 16644 | Orc:2    | Found a staircase to the Elven Halls.
 16670 | Orc:2    | Found Ohietec's Food Shoppe.
 16698 | Orc:2    | Found Lestru's Magic Scroll Emporium.
 16748 | Orc:2    | Bought a scroll of brand weapon for 340 gold pieces
 16748 | Orc:2    | Bought a scroll of enchant weapon for 127 gold pieces
 16950 | Orc:2    | Reached skill level 15 in Maces & Flails
 16983 | Orc:2    | Gained mutation: Scrolls take you a little longer to read.
                  | [a neqoxec]
 17006 | Orc:2    | HP: 2/136 [smoke demon/divine providence[an orc sorcerer]
                  | (12)]
 17010 | Orc:2    | Mangled by an orc sorcerer

Skill      XL: |  1  2  3  4  5  6  7  8  9 10 11 12 13 14 |
---------------+-------------------------------------------+-----
Maces & Flails | 4 5 6 8 9 11 13 14 15 | 15.5
Fighting       | 7 11 12 15 | 15.7
Armour         | 7 11 12 14 15 | 15.5
Shields        | 6 10 12 | 12.2
Evocations     | 4 7 |  7.7
Dodging        | |  2.1

Action                   |  1- 3 |  4- 6 |  7- 9 | 10-12 | 13-15 || total
-------------------------+-------+-------+-------+-------+-------++-------
Melee: Mace              |    40 |       |       |       |       ||    40
       Headbutt          |     9 |    24 |    78 |   181 |   291 ||   583
       Flail             |    14 |   139 |   350 |   697 |    43 ||  1243
       Morningstar       |       |       |       |       |   921 ||   921
Invok: Berserk           |     2 |       |     3 |     7 |     4 ||    16
       Trog's Hand       |       |     1 |       |       |     1 ||     2
       Brothers in Arms  |       |       |       |     2 |     3 ||     5
 Abil: Evoke Flight      |       |       |       |       |     1 ||     1
Evoke: Wand              |       |       |       |     6 |     4 ||    10
  Use: Scroll            |     4 |     8 |     3 |     9 |     3 ||    27
       Potion            |     1 |     1 |     5 |     3 |     3 ||    13
 Stab: Petrified         |       |       |       |       |     8 ||     8
       Petrifying        |       |       |       |       |     4 ||     4
       Paralysed         |       |       |       |       |     1 ||     1
  Eat: Chunk             |     2 |     7 |    11 |    12 |    18 ||    50
       Ration            |       |       |     2 |     4 |     1 ||     7
Armor: Animal skin       |     6 |     6 |       |       |       ||    12
       Scale mail        |       |     8 |       |       |       ||     8
       Chain mail        |       |    42 |   138 |       |       ||   180
       Plate armour      |       |       |    14 |   357 |   559 ||   930
Dodge: Dodged            |    41 |    50 |    98 |   133 |   220 ||   542
Block: Shield            |       |       |       |   339 |   629 ||   968
